 Dungeon Crawl Stone Soup version 0.28.0-45-g0d030f2227 (webtiles) character file.

Game seed: 3421150992731491040

173 Icepheonix32 the Skirmisher (level 5, -2/41 HPs)
             Began as a Demonspawn Fighter on Apr 8, 2022.
             Slain by an ogre
             ... wielding a +0 giant club
              (19 damage)
             ... on level 4 of the Dungeon.
             The game lasted 00:02:57 (3864 turns).

Icepheonix32 the Skirmisher (Demonspawn Fighter)    Turns: 3864, Time: 00:02:58

Health: -2/41      AC:  5    Str: 16    XL:     5   Next: 28%
Magic:  0/5        EV: 11    Int:  9    God:
Gold:   199        SH:  0    Dex: 15    Spells: 4/4 levels left

rFire   . . .      SeeInvis .     - Unarmed
rCold   + . .      Faith    .   (no shield)
rNeg    . . .      Spirit   +   k - +2 leather armour {rPois}
rPois   +          Reflect  .   (no helmet)
rElec   .          Harm     .   e - scarf {repulsion}
rCorr   .          Rampage  .   (no gloves)
Will    .....                   (no boots)
Stlth   +.........              q - amulet of guardian spirit
HPRegen 0.13/turn               r - ring of protection from cold
MPRegen 0.09/turn               (no ring)

@: repel missiles
A: claws 2, spiny 1
a: no special abilities


You were on level 4 of the Dungeon.
You visited 1 branch of the dungeon, and saw 4 of its levels.

You collected 199 gold pieces.

Inventory:

Hand Weapons
 a - a +0 long sword
 i - a +2 short sword of venom
 w - a +2 dagger of venom
Missiles
 p - 3 poisoned darts (quivered)
Armour
 c - a +0 buckler
 e - a scarf of repulsion (worn)
 k - a +2 leather armour of poison resistance (worn)
Jewellery
 l - a ring of ice
 q - an amulet of guardian spirit (around neck)
 r - a ring of protection from cold (left claw)
Scrolls
 b - a scroll of blinking {unknown}
 g - a scroll of fear {unknown}
 h - 4 scrolls of identify {unknown}
 j - a scroll of enchant armour {unknown}
 n - 2 scrolls of teleportation {unknown}
 s - a scroll of noise {unknown}
 v - a scroll of amnesia {unknown}
Potions
 d - a potion of might
 f - a potion of lignification {unknown}
 m - a potion of curing {unknown}
 o - 2 potions of attraction {unknown}
 t - a potion of berserk rage {unknown}
 u - a potion of brilliance {unknown}


   Skills:
 - Level 3.5 Fighting
 - Level 1.4(2.0) Short Blades
 - Level 2.1(2.3) Long Blades
 - Level 0.3 Throwing
 - Level 3.2 Armour
 - Level 1.0 Dodging
 - Level 0.6 Stealth
 - Level 3.1 Shields
 + Level 2.1 Unarmed Combat


You had 4 spell levels left.
You didn't know any spells.
Your spell library contained the following spells:

 Spells                   Type           Power      Damage    Failure   Level
 Animate Dead             Necr           0%         N/A       99%         4
 Borgnjor's Vile Clutch   Necr/Erth      0%         N/A       100%        5
 Death Channel            Necr           0%         N/A       100%        6


Dungeon Overview and Level Annotations

Branches:
Dungeon (4/15)
 Temple: D:4-7

Altars:


Innate Abilities, Weirdness & Mutations

You have very sharp fingernails.
You are partially covered in sharp spines.


Message History

No target in view!
No target in view!
No target in view!
No target in view!
No target in view!
No target in view!
No target in view!
You see here a +0 short sword.
Found a stone staircase leading up.
An ogre comes into view. It is wielding a +0 giant club.
The ogre shouts!
You scratch the ogre. You claw the ogre.
The ogre is moderately wounded.
The ogre closely misses you.
You scratch the ogre but do no damage.
The ogre is moderately wounded.
The ogre hits you with a +0 giant club!!
Ouch! That really hurt!
You are too injured to fight recklessly!
You are too injured to fight recklessly!
You are too injured to fight recklessly!
You are too injured to fight recklessly!
You are too injured to fight recklessly!
You are too injured to fight recklessly!
You are too injured to fight recklessly!
You are too injured to fight recklessly!
You are too injured to fight recklessly!
You are too injured to fight recklessly!
You are too injured to fight recklessly!
You are too injured to fight recklessly!
You are too injured to fight recklessly!
You are too injured to fight recklessly!
You are too injured to fight recklessly!
You scratch the ogre.
The ogre is moderately wounded.
You claw the ogre!
The ogre is severely wounded.
The ogre is struck by your spines.
The ogre hits you with a +0 giant club!!
You die...

#### #.. #O##
#@.## ##...####
#########.........
#...........<..###
##.#######.....##
#...# ##....#
#...# ##......
####...#### .#.###
#.........# .#.#


You could see an ogre.

Vanquished Creatures
  An orc priest (D:3)
  An orc wizard (D:3)
  2 hound skeletons (D:4)
  2 adders
  2 worms (D:3)
  4 orcs
  A bat (D:3)
  10 endoplasms
  7 goblins
  6 hobgoblins
  A jackal (D:3)
  5 quokkas
  6 ball pythons
  4 frilled lizards
  4 kobolds
  7 rats
63 creatures vanquished.

Notes
Turn   | Place    | Note
-------+----------+-------------------------------------------
     0 | D:1      | Icepheonix32 the Demonspawn Fighter began the quest for the
                  | Orb.
     0 | D:1      | Reached XP level 1. HP: 18/18 MP: 1/1
   226 | D:1      | Gained mutation: You have sharp fingernails. [demonic
                  | ancestry]
   226 | D:1      | Reached XP level 2. HP: 24/24 MP: 2/2
  1165 | D:2      | Reached XP level 3. HP: 15/29 MP: 3/3
  2433 | D:3      | Reached skill level 1 in Unarmed Combat
  2535 | D:3      | Found a faded altar of an unknown god.
  2637 | D:3      | Gained mutation: You are partially covered in sharp spines.
                  | [demonic ancestry]
  2637 | D:3      | Reached XP level 4. HP: 26/35 MP: 4/4
  2767 | D:3      | Reached skill level 1 in Short Blades
  2994 | D:3      | Reached skill level 1 in Dodging
  3251 | D:3      | Gained mutation: You have very sharp fingernails. [demonic
                  | ancestry]
  3251 | D:3      | Reached XP level 5. HP: 41/41 MP: 5/5
  3857 | D:4      | Noticed an ogre
  3864 | D:4      | Slain by an ogre

Illustrated notes

Levels and vault maps discovered:
D:1:      minmay_arrival_up_and_down, layout_basic
D:2:      layout_basic, corner_web_ring, serial_bayou_pond_a
D:3:      wad_river_or_something, layout_loops_cross,
          hellmonk_ecumenical_altar_zigzags
D:4:      layout_loops_ring, dk_yredelemnul_ordeal, minmay_fountain_box

Skill      XL: |  1  2  3  4  5 |
---------------+----------------+-----
Long Blades    | 2 |  2.1
Armour         | 3 |  3.2
Shields        | 3 |  3.1
Unarmed Combat | 1 2 |  2.1
Short Blades   | 1 |  1.4
Dodging        | 1 |  1.0
Fighting       | |  3.5
Throwing       | |  0.3
Stealth        | |  0.6

Action                   |  1- 3 |  4- 6 || total
-------------------------+-------+-------++-------
Melee: Long sword        |    32 |       ||    32
       Short sword       |    69 |    25 ||    94
       Unarmed           |       |    19 ||    19
       Punch             |       |     1 ||     1
Throw: Dart              |     6 |       ||     6
 Stab: Sleeping          |     1 |     2 ||     3
Armor: Scale mail        |    14 |       ||    14
       Leather armour    |    14 |     5 ||    19
Dodge: Dodged            |    46 |    21 ||    67
       Repelled          |       |     1 ||     1
Block: Buckler           |    24 |     2 ||    26
